 Dungeon Crawl Stone Soup version 0.27.0-1-g7a089689b8 (webtiles) character file.

Game seed: 5312993531015062092

70 SnakkuSnakku7 the Digger (level 4, -1/45 HPs)
             Began as a Formicid Earth Elementalist on Aug 11, 2021.
             Slain by a hobgoblin (3 damage)
             ... on level 2 of the Dungeon.
             The game lasted 00:02:59 (863 turns).

SnakkuSnakku7 the Digger (FoEE)                      Turns: 863, Time: 00:03:00

Health: -1/45      AC: 22    Str:  9 (12) XL:     4   Next: 45%
Magic:  2/7        EV:  2    Int: 13 (16) God:
Gold:   54         SH:  0    Dex: 10 (13) Spells: 3/7 levels left

rFire    . . .     SeeInvis .   (no weapon)
rCold    . . .     Faith    .   (no shield)
rNeg     + + +     Spirit   .   (armour currently unavailable)
rPois    +         Reflect  .   (helmet unavailable)
rElec    .         Harm     .   (cloak currently unavailable)
rCorr    .         Rampage  .   (gloves currently unavailable)
Will     .....                  (boots currently unavailable)
Stlth    ++........             (no amulet)
HPRegen  0.15/turn              (no ring)
MPRegen  0.10/turn              (no ring)

@: tree-form, unable to read
A: stationary, stasis, torment immunity, boosted hp, permanent stasis, dig
shafts and tunnels, (antennae 3), four strong arms, agile 1, inability to read
while threatened
a: no special abilities


You were on level 2 of the Dungeon.
You were a tree.
You visited 1 branch of the dungeon, and saw 2 of its levels.

You collected 54 gold pieces.

Inventory:

Hand Weapons
 c - a +0 dagger
Armour
 b - a +0 robe (melded)
Scrolls
 d - a scroll of enchant weapon {unknown}
Potions
 a - a potion of mutation
 e - a potion of lignification
 g - a potion of haste


   Skills:
 - Level 1.7 Dodging
 - Level 2.4 Stealth
 - Level 2.1 Spellcasting
 + Level 1.9 Conjurations
 - Level 1.1 Transmutations
 - Level 5.2 Earth Magic


You had 3 spell levels left.
You knew the following spells:

 Your Spells              Type           Power      Damage    Failure   Level
a - Sandblast             Erth           30%        2d9       3%          1
b - Stone Arrow           Conj/Erth      20%        3d8       17%         3

Your spell library contained the following spells:

 Spells                   Type           Power      Damage    Failure   Level
 Passwall                 Tmut/Erth      7%         N/A       11%         2
 Petrify                  Tmut/Erth      9%         N/A       56%         4


Dungeon Overview and Level Annotations

Branches:
Dungeon (2/15)

Altars:


Innate Abilities, Weirdness & Mutations

You are a tree.
Your roots penetrate the ground, keeping you stationary.
You cannot be teleported.
You are immune to unholy pain and torment.
Your maximum health is greatly increased.
Your equipment is partially melded.
You cannot be hasted, slowed, berserked, paralysed or teleported.
You can dig through walls and to a lower floor.
((You have a pair of large antennae on your head. (SInv)))
Your four strong arms can wield two-handed weapons with a shield.
You are agile. (Dex +2)
You sometimes lose the ability to read scrolls when taking damage.


Message History

The hobgoblin hits you but does no damage.
The hobgoblin hits you with a +0 short sword.
You hit the hobgoblin.
The hobgoblin is moderately wounded.
The hobgoblin hits you with a +0 short sword.
* * * LOW HITPOINT WARNING * * *
You closely miss the hobgoblin.
The hobgoblin is moderately wounded.
The hobgoblin hits you with a +0 short sword.
* * * LOW HITPOINT WARNING * * *
The hobgoblin hits you but does no damage.
You closely miss the hobgoblin.
The hobgoblin is moderately wounded.
The hobgoblin misses you. The hobgoblin barely misses you.
It was a potion of degeneration.
There was something very wrong with that liquid.
You feel weakened.
You feel dopey.
You feel clumsy.
The hobgoblin hits you but does no damage.
Your magical contamination has completely faded away.
It was a potion of lignification.
You turn into a tree.
Your +0 robe melds into your body.
Your roots penetrate the ground.
The hobgoblin hits you with a +0 short sword.
* * * LOW HITPOINT WARNING * * *
The hobgoblin hits you but does no damage.
It was a potion of mutation.
You feel extremely strange.
You lose the ability to read scrolls when threatened.
You feel agile.
The hobgoblin hits you but does no damage.
You are now empty-handed.
The hobgoblin hits you but does no damage.
Unknown command.
You barely miss the hobgoblin.
The hobgoblin is lightly wounded.
The hobgoblin hits you but does no damage.
You hit the hobgoblin.
The hobgoblin is heavily wounded.
The hobgoblin hits you with a +0 short sword.
You feel threatened and lose the ability to read scrolls!
You die...

#...###.####.#
###.#.......#.#
#####....#.#####.#.#
8.8.8..#.#.# #{#.#
.......#...# #...#
.......###.# #.###
.....g. #.#####.#
....... #.......#
.......###♣#..#.##
8.8.8.gggg###.#.#
##########)#....#####
##.#..........
#.###....###..
##.#..........
##......###..
#..#.### #..#...


You could see a hobgoblin (fast) and 3 goblins.

Vanquished Creatures
  2 adders (D:2)
  2 worms (D:2)
  2 ball pythons
  An endoplasm (D:2)
  3 giant cockroaches
  3 goblins (D:2)
  3 hobgoblins
  8 jackals (D:1)
  5 kobolds (D:1)
  5 quokkas
  2 bats (D:1)
  2 frilled lizards
  3 rats (D:1)
41 creatures vanquished.

Notes
Turn   | Place    | Note
-------+----------+-------------------------------------------
     0 | D:1      | SnakkuSnakku7 the Formicid Earth Elementalist began the
                  | quest for the Orb.
     0 | D:1      | Reached XP level 1. HP: 13/13 MP: 3/3
    50 | D:1      | Reached skill level 4 in Earth Magic
    82 | D:1      | Reached XP level 2. HP: 19/19 MP: 1/5
   234 | D:1      | Reached XP level 3. HP: 14/24 MP: 0/6
   238 | D:1      | Learned a level 3 spell: Stone Arrow
   301 | D:1      | Reached skill level 5 in Earth Magic
   680 | D:2      | Reached skill level 1 in Conjurations
   680 | D:2      | Reached XP level 4. HP: 27/30 MP: 1/7
   859 | D:2      | HP: 1/45 [hobgoblin (4)]
   860 | D:2      | Gained mutation: You sometimes lose the ability to read
                  | scrolls when taking damage. [potion of mutation]
   860 | D:2      | Gained mutation: You are agile. (Dex +2) [potion of
                  | mutation]
   863 | D:2      | Slain by a hobgoblin

Illustrated notes

Levels and vault maps discovered:
D:1:      ebering_hopf_link, layout_rooms, serial_rivers,
          chequers_serial_rivers_room_a, chequers_serial_rivers_room_b,
          chequers_serial_rivers_marsh, chequers_serial_rivers_room_a,
          chequers_serial_rivers_micro_c, chequers_serial_rivers_large_a
D:2:      kennysheep_the_goblin_king, layout_loops_ring, serial_shops,
          nicolae_shop_competitors_out_of_business,
          shapermc_ecumenical_altar_mp_ritualfount, minmay_3d_cube

Skill      XL: |  1  2  3 |
---------------+----------+-----
Earth Magic    | 4 5 |  5.2
Conjurations   | 1 |  1.9
Dodging        | |  1.7
Stealth        | |  2.4
Spellcasting   | |  2.1
Transmutations | |  1.1

Action                   |  1- 3 |  4- 6 || total
-------------------------+-------+-------++-------
Melee: Unarmed           |    27 |     5 ||    32
       Dagger            |       |    20 ||    20
 Cast: Sandblast         |    46 |     8 ||    54
       Stone Arrow       |       |     2 ||     2
  Use: Potion            |       |     3 ||     3
Armor: Robe              |     6 |     6 ||    12
       Skin              |       |     4 ||     4
Dodge: Dodged            |    41 |    17 ||    58
